 Dungeon Crawl Stone Soup version 0.28-a0-664-gc179e30c89 (webtiles) character file.

Game seed: 3770087159033956683

24 BlueGoblin the Ducker (level 2, -2/16 HPs)
             Began as a Spriggan Monk on Oct 16, 2021.
             Slain by an adder (4 damage)
             ... on level 1 of the Dungeon.
             The game lasted 00:02:19 (1565 turns).

BlueGoblin the Ducker (Spriggan Monk)               Turns: 1565, Time: 00:02:20

Health: -2/16      AC:  2    Str:  7    XL:     2   Next: 79%
Magic:  3/3        EV: 20    Int: 11    God:
Gold:   18         SH:  0    Dex: 17    Spells: 1/1 levels left

rFire   . . .      SeeInvis +   a - +0 short sword
rCold   . . .      Faith    .   (shield restricted)
rNeg    . . .      Spirit   .   b - +0 robe
rPois   .          Reflect  .   (helmet restricted)
rElec   .          Harm     .   (no cloak)
rCorr   .          Rampage  .   (gloves unavailable)
Will    .....                   (boots unavailable)
Stlth   ++........              (no amulet)
HPRegen 0.05/turn               (no ring)
MPRegen 0.08/turn               (no ring)

@: lethally poisoned (-2 -> -4), hasted, very quick
A: very small, no large weapons, unfitting armour, see invisible, speed 3
a: no special abilities


You were on level 1 of the Dungeon.
You visited 1 branch of the dungeon, and saw 2 of its levels.

You collected 18 gold pieces.

Inventory:

Hand Weapons
 a - a +0 short sword (weapon)
Missiles
 c - 63 sling bullets
 d - 45 bolts
Armour
 b - a +0 robe (worn)
Potions
 e - a potion of berserk rage {unknown}
 f - a potion of haste


   Skills:
 - Level 2.4 Fighting
 - Level 3.3 Short Blades
 * Level 5.4 Dodging
 - Level 3.0 Stealth


You had one spell level left.
You didn't know any spells.
Your spell library was empty.

Dungeon Overview and Level Annotations

Branches:
Dungeon (2/15)

Altars:

Annotations:
D:2 1 runed translucent door, Crazy Yiuf


Innate Abilities, Weirdness & Mutations

You are very small and have problems with some larger weapons.
You are too small for most types of armour.
You have supernaturally acute eyesight. (SInv)
You cover ground extremely quickly. (Speed+++)


Message History

There is an open gate here.
You hit the adder.
The adder is lightly wounded.
The adder closely misses you.
You hit the adder.
The adder is moderately wounded.
The adder misses you.
You hit the adder.
The adder is severely wounded.
The adder barely misses you. The adder misses you.
You hit the adder but do no damage.
The adder is severely wounded.
The adder closely misses you.
You hit the adder but do no damage.
The adder is severely wounded.
The adder barely misses you.
You hit the adder.
The adder is almost dead.
The adder bites you.
You are poisoned.
The adder poisons you!
You miss the adder.
The adder is almost dead.
You feel sick. The adder bites you.
You are lethally poisoned!
The adder poisons you!
You barely miss the adder.
The adder is almost dead.
You feel sick. The adder closely misses you.
You are too injured to fight recklessly!
You feel sick.
You feel sick.
* * * LOW HITPOINT WARNING * * *
You feel sick.
* * * LOW HITPOINT WARNING * * *
You feel sick.
It was a potion of haste.
You feel yourself speed up.
* * * LOW HITPOINT WARNING * * *
You feel sick. The adder bites you.
You die...

## #.......S.........#######
.# #...........(...........#
.####......##+++##.........#
..###......#.....#.........#
...........#.....#.........#
.####......#..<..#.........#
## #.......#.....#........[#
#.......##'''##.........#
#.##.#......S@.....######
####.##...............#
...#......#.......#####
......#.#.#^......#
#.............#...#
......#.#.###.....#
..............#...#
........##..###...#
.....#..###.# #...#


You could see an adder.

Vanquished Creatures
  2 bats
  A goblin (D:1)
  3 hobgoblins
  4 jackals (D:1)
  A quokka (D:1)
  5 ball pythons
  A frilled lizard (D:2)
  3 kobolds
  A rat (D:1)
21 creatures vanquished.

Notes
Turn   | Place    | Note
-------+----------+-------------------------------------------
     0 | D:1      | BlueGoblin the Spriggan Monk began the quest for the Orb.
     0 | D:1      | Reached XP level 1. HP: 11/11 MP: 2/2
   494 | D:1      | Reached XP level 2. HP: 14/16 MP: 3/3
   608 | D:1      | Found a faded altar of an unknown god.
   643 | D:1      | Reached skill level 5 in Dodging
  1027 | D:2      | Found a runed translucent door.
  1028 | D:2      | Noticed Crazy Yiuf
  1565 | D:1      | Slain by an adder

Illustrated notes

Levels and vault maps discovered:
D:1:      dpeg_arrival_windows_large_door, layout_rooms, basic_ecumenical_altar
D:2:      layout_basic, minmay_tromino_v4_a, uniq_terence,
          uniq_crazy_yiuf_cottage

Skill      XL: |  1  2 |
---------------+-------+-----
Dodging        | 5 |  5.4
Fighting       | |  2.4
Short Blades   | |  3.3
Stealth        | |  3.0

Action                   || total
-------------------------++-------
Melee: Short sword       ||    97
  Use: Potion            ||     1
 Stab: Distracted        ||     2
       Sleeping          ||     3
Armor: Robe              ||     6
Dodge: Dodged            ||    98

Table legend: (Time is in decaauts)
 A = Elapsed time spent in this place.
 B = Non-inter-level travel time spent in this place.
 C = Inter-level travel time spent in this place.
 D = Time resting spent in this place.
 E = Time spent auto-exploring this place.
 F = Levels seen in this place.
 G = Mean time per level.
                   A        B        C        D        E       F      G
               +--------+--------+--------+--------+--------+-----+--------+
         Total |   1297 |   1283 |     14 |    529 |    497 |   2 |  648.5 |
       Dungeon |   1297 |   1283 |     14 |    529 |    497 |   2 |  648.5 |
               +--------+--------+--------+--------+--------+-----+--------+

Top non-repeatable levels by time:
     D:1: 880 daAuts
     D:2: 417 daAuts
